 Dungeon Crawl Stone Soup version 0.32-a0-576-g706899e69d (webtiles) character file.

Game seed: 11365392239258351603

74 Aldia the Chopper (level 4, -3/32 (38) HPs)
             Began as a Mountain Dwarf Reaver on Mar 2, 2024.
             Slain by a gnoll
             ... wielding a +0 flail
              (8 damage)
             ... on level 2 of the Dungeon.
             The game lasted 00:03:21 (1416 turns).

Aldia the Chopper (Mountain Dwarf Reaver)           Turns: 1416, Time: 00:03:21

HP:   -3/32 (38)    AC:  4    Str: 17    XL:     4   Next: 9%
MP:   5/7           EV: 11    Int: 13    God:
Gold: 111           SH:  0    Dex:  8    Spells: 4/7 levels left

rFire   . . .        a - +0 hand axe
rCold   . . .        (no shield)
rNeg    . . .        b - +0 leather armour
rPois   .            (no helmet)
rElec   .            (no cloak)
rCorr   .            c - +0 pair of gloves
SInv    .            (no boots)
Will    .....        (no amulet)
Stlth   +            (no ring)
HPRegen 0.25/turn    (no ring)
MPRegen 0.10/turn

%: no passive effects
@: very slightly contaminated, heavily drained
A: runic magic, artefact enchanting
a: no special abilities


You were on level 2 of the Dungeon.
You visited 1 branch of the dungeon, and saw 2 of its levels.

You collected 111 gold pieces.

Inventory:

Hand Weapons
 a - a +0 hand axe (weapon)
Armour
 b - a +0 leather armour (worn)
 c - a +0 pair of gloves (worn)
Scrolls
 d - 2 scrolls of teleportation
 e - a scroll of noise {unknown}
 f - a scroll of revelation {unknown}
 k - a scroll of blinking {unknown}
 l - a scroll of amnesia {unknown}
 m - a scroll of immolation {unknown}
 n - a scroll of identify {unknown}
Potions
 g - a potion of haste {unknown}
 h - a potion of might {unknown}
 i - a potion of berserk rage {unknown}
 j - a potion of curing {unknown}


   Skills:
 + Level 3.2 Fighting
 * Level 4.5 Axes
 - Level 1.3 Dodging
 - Level 2.0 Spellcasting
 - Level 3.0 Conjurations
 + Level 1.4 Necromancy


You had 4 spell levels left.
You knew the following spells:

 Your Spells              Type           Power      Damage    Failure   Level
a - Kiss of Death         Conj/Necr      28%        2d7       11%         1
b - Momentum Strike       Conj/Tloc      10%        3d8       22%         2

Your spell library contained the following spells:

 Spells                   Type           Power      Damage    Failure   Level
 Magic Dart               Conj           36%        1d4       8%          1
 Blink                    Tloc           2%         N/A       36%         2
 Call Imp                 Summ           2%         N/A       36%         2
 Hailstorm                Conj/Ice       5%         3d5       38%         3


Dungeon Overview and Level Annotations

Branches:
Dungeon (2/15)

Altars:
Vehumet


Innate Abilities, Weirdness & Mutations

Your spellcasting is much less encumbered by armour.
You can use scrolls of enchantment on lesser artefacts.


Message History

You hit the gnoll.
The gnoll is almost dead.
The gnoll hits you with a +0 halberd.
* * * LOW HITPOINT WARNING * * *
You hit the gnoll but do no damage.
The gnoll is almost dead.
The gnoll hits you with a +0 halberd.
* * * LOW HITPOINT WARNING * * *
Okay, then.
You hit the gnoll but do no damage.
The gnoll is almost dead.
The gnoll closely misses you.
You hit the gnoll.
You kill the gnoll!
You have reached level 4!
You feel stronger.
Cast which spell? (? or * to list)
Aiming: Kiss of Death (safe; 11% risk of failure)
Press: ? - help, Shift-Dir - straight line, f - gnoll
Aim: a gnoll, wielding a +0 flail (100% to hit)
You miscast Kiss of Death.
You are very lightly contaminated with residual magic.
Nothing appears to happen.
The gnoll hits you with a +0 flail.
* * * LOW HITPOINT WARNING * * *
Unknown command.
Unknown command.
Casting: Kiss of Death (safe; 11% risk of failure)
Confirm with . or Enter, or press ? or * to list all spells.
Aiming: Kiss of Death (safe; 11% risk of failure)
Press: ? - help, Shift-Dir - straight line, f/p - gnoll
Aim: a gnoll, wielding a +0 flail (100% to hit)
The fragment of death hits the gnoll!
The gnoll is drained!
The gnoll is almost dead.
You feel drained. The gnoll barely misses you.
Unknown command.
Unknown command.
You closely miss the gnoll.
The gnoll is almost dead.
The gnoll hits you with a +0 flail!
You die...

#.#
#.####≈≈
#.#
#....'..
#.#
#.##.'..
#.#
#.####≈≈
#.# #.#
§≈ #.##
#.# §§
#..# #.#
#§ ##.#
#.# #
#@# #.#
#g# #.#
#g# #.#
#g#
#.###
#.#
#...#
#.#
###.#
#.#
#.####
#.#
#.#...
#.#.##


You could see 3 gnolls.

Vanquished Creatures
  2 adders (D:2)
  A gnoll (D:2)
  A dart slug (D:2)
  3 ball pythons
  3 bats
  4 endoplasms
  A goblin (D:1)
  6 hobgoblins
  7 jackals
  A kobold (D:1)
  A quokka (D:2)
  5 frilled lizards (D:1)
  6 rats
41 creatures vanquished.

Notes
Turn   | Place    | Note
-------+----------+-------------------------------------------
     0 | D:1      | Aldia the Mountain Dwarf Reaver began the quest for the
                  | Orb.
     0 | D:1      | Reached XP level 1. HP: 17/17 MP: 3/3
    37 | D:1      | Reached skill level 4 in Axes
   107 | D:1      | Reached XP level 2. HP: 25/25 MP: 4/4
   568 | D:1      | Learned a level 2 spell: Momentum Strike
   854 | D:2      | Found a radiant altar of Vehumet.
   877 | D:2      | Reached XP level 3. HP: 29/30 MP: 6/6
  1021 | D:2      | Reached skill level 1 in Necromancy
  1414 | D:2      | Reached XP level 4. HP: 6/38 MP: 7/7
  1416 | D:2      | Slain by a gnoll

Illustrated notes

Levels and vault maps discovered:
D:1:      dpeg_arrival_long_road, layout_loops_cross
D:2:      kennysheep_big_flooded_room, layout_loops_ring, basic_altar,
          hex_medium, kennysheep_another_room, uniq_jessica

Skill      XL: |  1  2  3 |
---------------+----------+-----
Axes           | 4 |  4.5
Conjurations   | 3 |  3.0
Spellcasting   | 2 |  2.0
Fighting       | 3 |  3.2
Necromancy     | 1 |  1.4
Dodging        | |  1.3

Action                     |  1- 3 |  4- 6 || total
---------------------------+-------+-------++-------
  Melee: Hand axe          |   147 |     1 ||   148
   Cast: Kiss of Death     |       |     1 ||     1
    Use: Scroll            |     1 |       ||     1
 Armour: Leather armour    |    84 |     2 ||    86
  Dodge: Dodged            |    87 |     1 ||    88

Table legend: (Time is in decaauts)
 A = Elapsed time spent in this place.
 B = Non-inter-level travel time spent in this place.
 C = Inter-level travel time spent in this place.
 D = Time resting spent in this place.
 E = Time spent auto-exploring this place.
 F = Levels seen in this place.
 G = Mean time per level.
                   A        B        C        D        E       F      G
               +--------+--------+--------+--------+--------+-----+--------+
         Total |   1430 |   1409 |     21 |      0 |   1110 |   2 |  715.0 |
       Dungeon |   1430 |   1409 |     21 |      0 |   1110 |   2 |  715.0 |
               +--------+--------+--------+--------+--------+-----+--------+

Top non-repeatable levels by time:
     D:1: 847 daAuts
     D:2: 582 daAuts
